 Dungeon Crawl Stone Soup version 0.26-a0-940-gf7e0b5f775 (webtiles) character file.

Game seed: 11535782610414741

40992 miscthings the Bewitcher (level 13, -1/76 HPs)
             Began as a Vampire Enchanter on Nov 28, 2020.
             Was a High Priest of Sif Muna.
             Slain by a yak (5 damage)
             ... on level 6 of the Lair of Beasts.
             The game lasted 00:47:08 (13282 turns).

miscthings the Bewitcher (Vampire Enchanter)       Turns: 13282, Time: 00:47:09

Health: -1/76      AC: 11    Str: 10    XL:     13   Next: 77%
Magic:  13/21      EV: 17    Int: 24    God:    Sif Muna [*****.]
Gold:   932        SH:  6    Dex: 16    Spells: 1/23 levels left

rFire    . . .     SeeInvis +   h - +2 dagger (drain)
rCold    + + +     Faith    .   H - +1 buckler {AC+3}
rNeg     + + +     Spirit   .   D - +2 leather armour {rC+}
rPois    ∞         Reflect  .   g - +0 helmet
rElec    .         Harm     .   (no cloak)
rCorr    .         Rampage  .   e - +0 pair of gloves
MR       +....                  (no boots)
Stlth    +++++++...             (no amulet)
HPRegen  0.00/turn              I - +4 ring of slaying
MPRegen  0.17/turn              x - +6 ring of intelligence

@: about to teleport, bloodless
A: fangs 3, see invisible, unbreathing
a: Bat Form, Revivify, Channel Magic, Forget Spell, Divine Exegesis, Renounce
Religion


You were on level 6 of the Lair of Beasts.
You worshipped Sif Muna.
Sif Muna was extremely pleased with you.
You visited 2 branches of the dungeon, and saw 16 of its levels.
You also visited: Ice Cave.

You collected 1146 gold pieces.
You spent 214 gold pieces at shops.

Inventory:

Hand Weapons
 h - a +2 dagger of draining (weapon)
Missiles
 a - 6 curare-tipped darts (quivered)
Armour
 e - a +0 pair of gloves (worn)
 g - a +0 helmet (worn)
 D - a +2 leather armour of cold resistance (worn)
 H - a +1 buckler of protection (worn)
Jewellery
 u - an uncursed ring of fire
 x - a +6 ring of intelligence (right hand)
 I - a +4 ring of slaying (left hand)
Wands
 m - a wand of paralysis (4)
 v - a wand of iceblast (2)
 C - a wand of enslavement (5)
 F - a wand of disintegration (8)
 G - a wand of random effects (38)
 L - a wand of polymorph (8)
 N - a wand of flame (25)
Scrolls
 b - 6 scrolls of enchant weapon
 f - 7 scrolls of remove curse
 i - 2 scrolls of immolation
 k - a scroll of vulnerability
 o - 3 scrolls of amnesia
 r - a scroll of enchant armour
 s - a scroll of magic mapping
 y - 4 scrolls of fog
 A - a scroll of brand weapon
 K - 2 scrolls of torment {unknown}
 M - a scroll of blinking
 O - a scroll of identify {@r1}
 P - a scroll of holy word {unknown}
Potions
 d - 4 potions of brilliance
 j - 2 potions of attraction
 l - 9 potions of might
 n - 4 potions of berserk rage
 q - 2 potions of magic
 t - 3 potions of heal wounds
 w - 3 potions of flight
 z - 4 potions of curing
 B - a potion of resistance
 E - a potion of cancellation


   Skills:
 - Level 6.7 Fighting
 - Level 10.0 Short Blades
 - Level 3.3 Throwing
 - Level 6.1 Armour
 - Level 8.4 Dodging
 - Level 12.2 Stealth
 - Level 4.0 Shields
 - Level 5.9 Spellcasting
 - Level 3.0 Conjurations
 + Level 15.4 Hexes
 - Level 3.0 Ice Magic
 - Level 6.7 Invocations
 - Level 2.7 Evocations


You had one spell level left.
You knew the following spells:

 Your Spells              Type           Power        Failure   Level
a - Ensorcelled Hibernat  Hex/Ice        ######       1%          2
c - Confusing Touch       Hex            ######..     1%          3
d - Dazzling Flash        Conj/Hex       ######       1%          3
e - Tukima's Dance        Hex            ######..     1%          3
f - Corona                Hex            ######.      1%          1
x - Discord               Hex            ######....   75%         8
z - Slow                  Hex            ######..     1%          2

Your spell library contained the following spells:

 Spells                   Type           Power        Failure   Level
 Animate Skeleton         Necr           #.....       11%         1
 Portal Projectile        Hex/Tloc       #####.       1%          3
 Yara's Violent Unravell  Hex/Tmut       #####.....   12%         5
 Conjure Flame            Conj/Fire      ##......     17%         3
 Ignite Poison            Fire/Tmut/Pois #.......     30%         3
 Teleport Other           Tloc           #.......     30%         3
 Passage of Golubria      Tloc           N/A          71%         4
 Fireball                 Conj/Fire      ##........   83%         5
 Disjunction              Tloc           #.........   100%        8


Dungeon Overview and Level Annotations

Branches:
Dungeon (10/15)            Temple (0/1) D:4            Lair (6/6) D:9
  Swamp (0/4) Lair:3        Snake (0/4) Lair:3        Slime (0/5) Lair:5
    Orc (0/2) D:9           IceCv (visited)

Altars:
Ashenzari
Dithmenos
Elyvilon
Gozag
Nemelex Xobeh
Okawaru
Qazlal
Sif Muna
Trog
Uskayaw
Vehumet
Xom
Yredelemnul
Jiyva

Shops:
D:7 =   D:9 [

Annotations:
Lair:1 exclusion: 2 oklob plants
Lair:6 1 runed translucent door


Innate Abilities, Weirdness & Mutations

You do not regenerate when monsters are visible.
You are frail without blood (-20% HP).
You can heal yourself when you bite living creatures.
You are immune to poison.
You have razor-sharp teeth.
You have supernaturally acute eyesight. (SInv)
You can survive without breathing.


Message History

The seven-headed hydra closely misses you.
The seven-headed hydra bites you but does no damage.
The seven-headed hydra closely misses you.
The seven-headed hydra bites you! x2
* * * LOW HITPOINT WARNING * * *
The seven-headed hydra bites you!
* * * LOW HITPOINT WARNING * * *
The seven-headed hydra bites you but does no damage.
Blink to where?
Press: ? - help, Dir - move target, p - four-headed hydra
As you read the scroll of blinking, it crumbles to dust.
A yak comes into view.
The yak bellows!
The cane toad gives a loud, deep croak!
The death yak bellows!
The yak bellows! x2; The death yak bellows!
Found 16 gold pieces.
As you read the scroll of teleportation, it crumbles to dust.
You feel strangely unstable.
The yak bellows!
The yak gores you.
You die...

#.......... #............
Y#.....#...... #.#..#....F#D###.#
###..### P.... #.#..##.P...#.####
.##...# .....##....#P....#...##
.##.......$......................
.......YY.....YY......D§.........
.................................
..............FYY................
.............YYY@.?..............
...............................#.
...#. ................$.##..# ..#
#.................P. #..
.########....................
.###....................
..#.....................
........P...............
..##..†.#............


You could see 2 death yaks, a seven-headed hydra, 5 yaks and a cane toad.

Vanquished Creatures
  8 hydras
  Erica (Lair:1)
  A death yak (Lair:6)
  The ghost of LufLufFighter the Transmogrifier, a novice MfTm of Vehumet (D:9)
  A two-headed ogre (D:9)
  A fire crab (Lair:5)
  A lindwurm (Lair:6)
  2 ugly things (IceCv)
  An oklob plant (Lair:2)
  4 black mambas
  4 elephants (Lair:6)
  2 ice statues (IceCv)
  13 cane toads
  5 torpor snails (Lair:6)
  7 komodo dragons
  4 rime drakes
  5 hornets (Lair:6)
  9 blink frogs
  4 tyrant leeches (Lair:6)
  4 wraiths (D:9)
  A shadow (D:9)
  23 yaks
  2 wyverns
  5 basilisks
  Sigmund (D:2)
  A warg (D:9)
  3 nagas (Lair:3)
  4 swamp worms (Lair:3)
  10 water moccasins
  3 orc warriors
  Purgy (D:3)
  6 ice beasts (IceCv)
  2 black bears
  A phantom (D:9)
  2 sky beasts (D:5)
  47 wolves
  5 ogres
  6 centaurs
  16 bullfrogs
  2 wights (D:9)
  A howler monkey (D:3)
  5 electric eels (D:9)
  A bullfrog zombie (D:9)
  7 hounds
  A gnoll shaman (D:4)
  A centaur skeleton (D:5)
  3 jellies
  5 orc priests
  10 orc wizards
  9 worker ants
  A hound skeleton (D:5)
  A worker ant zombie (D:9)
  11 adders
  7 gnolls (D:4)
  4 white imps
  2 ufetubi
  An adder zombie (D:6)
  4 worms
  2 dart slugs
  3 leopard geckos
  37 orcs
  9 bats
  8 giant cockroaches
  2 gnoll zombies (D:7)
  10 goblins
  6 hobgoblins
  5 jackals
  6 kobolds
  2 quokkas (D:3)
  2 ball pythons
  5 frilled lizards
  2 leopard gecko skeletons (D:4)
  A quokka skeleton (D:9)
  7 rats
400 creatures vanquished.

Vanquished Creatures (collateral kills)
  An elephant (Lair:6)
  A wight (D:9)
  2 goblins (D:8)
4 creatures vanquished.

Vanquished Creatures (others)
  A hornet (Lair:6)
  A dancing weapon (D:9)
  A worm (D:3)
  2 orcs (D:3)
  28 fungi
  77 plants
110 creatures vanquished.

Grand Total: 514 creatures vanquished

Notes
Turn   | Place    | Note
-------+----------+-------------------------------------------
     0 | D:1      | miscthings the Vampire Enchanter began the quest for the
                  | Orb.
     0 | D:1      | Reached XP level 1. HP: 13/13 MP: 3/3
   203 | D:1      | Reached XP level 2. HP: 15/15 MP: 5/5
   982 | D:1      | Reached XP level 3. HP: 19/19 MP: 6/6
   996 | D:1      | Learned a level 2 spell: Ensorcelled Hibernation
  1134 | D:2      | Reached skill level 5 in Hexes
  1134 | D:2      | Reached skill level 1 in Ice Magic
  1165 | D:2      | Noticed Sigmund
  1168 | D:2      | Killed Sigmund
  1169 | D:2      | Reached skill level 6 in Hexes
  1169 | D:2      | Reached XP level 4. HP: 24/24 MP: 5/8
  1169 | D:2      | Reached XP level 5. HP: 28/28 MP: 5/9
  1218 | D:2      | Found an opulent altar of Gozag.
  1497 | D:2      | Found an iron altar of Okawaru.
  2023 | D:3      | Reached XP level 6. HP: 32/32 MP: 4/10
  2166 | D:3      | Reached skill level 7 in Hexes
  2225 | D:3      | Found a radiant altar of Vehumet.
  2312 | D:3      | Noticed Purgy
  2322 | D:3      | Killed Purgy
  2373 | D:3      | Found a shimmering blue altar of Sif Muna.
  2379 | D:3      | Became a worshipper of Sif Muna the Loreminder
  2672 | D:4      | Reached skill level 5 in Short Blades
  2695 | D:4      | Reached XP level 7. HP: 36/36 MP: 1/11
  3157 | D:4      | Found a staircase to the Ecumenical Temple.
  3171 | D:4      | Learned a level 3 spell: Confusing Touch
  3175 | D:4      | Learned a level 3 spell: Dazzling Flash
  3179 | D:4      | Learned a level 3 spell: Tukima's Dance
  3200 | D:5      | Entered Level 5 of the Dungeon
  3224 | D:5      | Reached * piety under Sif Muna
  3639 | D:5      | Reached XP level 8. HP: 41/41 MP: 7/12
  3832 | D:5      | Found a shadowy altar of Dithmenos.
  3938 | D:6      | Found a hide-covered altar of Uskayaw.
  3954 | D:6      | Reached skill level 10 in Short Blades
  4335 | D:6      | Reached skill level 5 in Stealth
  4335 | D:6      | Reached skill level 1 in Shields
  4335 | D:6      | Reached skill level 1 in Conjurations
  4359 | D:6      | Reached ** piety under Sif Muna
  4360 | D:6      | Reached skill level 1 in Fighting
  4360 | D:6      | Reached skill level 1 in Armour
  4360 | D:6      | Reached skill level 1 in Invocations
  4628 | D:7      | Found a white marble altar of Elyvilon.
  4680 | D:7      | Reached XP level 9. HP: 35/41 MP: 10/13
  4688 | D:7      | Found a sparkling altar of Nemelex Xobeh.
  4935 | D:7      | Found Kiodd's Jewellery Shoppe.
  5247 | D:7      | Found a basalt altar of Yredelemnul.
  5410 | D:8      | Found a broken altar of Ashenzari.
  5552 | D:8      | Found a bloodstained altar of Trog.
  5579 | D:8      | Found a shimmering altar of Xom.
  5579 | D:8      | Found a shimmering altar of Xom.
  5583 | D:8      | Found a shimmering altar of Xom.
  5583 | D:8      | Found a shimmering altar of Xom.
  5583 | D:8      | Found a shimmering altar of Xom.
  5588 | D:8      | Found a shimmering altar of Xom.
  5588 | D:8      | Found a shimmering altar of Xom.
  5612 | D:8      | Reached *** piety under Sif Muna
  5680 | D:8      | Found an iron altar of Okawaru.
  6181 | D:9      | Found Tuidupoq's Armour Boutique.
  6192 | D:9      | Noticed a two-headed ogre
  6197 | D:9      | Killed a two-headed ogre
  6199 | D:9      | Bought a +1 buckler of protection for 214 gold pieces
  6214 | D:9      | Found a staircase to the Lair.
  6245 | D:9      | Found a stormy altar of Qazlal.
  6307 | D:9      | Reached XP level 10. HP: 54/54 MP: 8/14
  6505 | D:9      | Found a staircase to the Orcish Mines.
  6534 | D:9      | Reached **** piety under Sif Muna
  6822 | D:9      | Found a runed translucent gate.
  6822 | D:9      | Found a runed translucent gate.
  6822 | D:9      | Found a runed translucent gate.
  6823 | D:9      | Noticed LufLufFighter's ghost (novice MfTm)
  6839 | D:9      | Reached skill level 5 in Dodging
  7219 | D:9      | Killed LufLufFighter's ghost
  7235 | D:9      | Got a spiked chain mail
  7251 | D:9      | Identified the cursed +1 chain mail of the Dungeon
                  | {*Corrode *Slow rElec rPois} (You found it on level 9 of
                  | the Dungeon)
  7286 | D:10     | Entered Level 10 of the Dungeon
  7334 | Lair:1   | Entered Level 1 of the Lair of Beasts
  7334 | Lair:1   | Noticed Erica
  7338 | Lair:1   | Killed Erica
  7374 | Lair:1   | Reached XP level 11. HP: 62/62 MP: 15/15
  7750 | Lair:1   | Noticed an oklob plant
  7751 | Lair:1   | Noticed an oklob plant
  7956 | Lair:2   | Noticed a six-headed hydra
  7963 | Lair:2   | Killed a six-headed hydra
  7964 | Lair:2   | Reached skill level 5 in Fighting
  7964 | Lair:2   | Reached skill level 10 in Stealth
  7964 | Lair:2   | Reached skill level 8 in Hexes
  7964 | Lair:2   | Reached skill level 5 in Invocations
  8210 | Lair:2   | Reached ***** piety under Sif Muna
  8275 | Lair:2   | Noticed an oklob plant
  8326 | Lair:2   | Reached skill level 5 in Armour
  8406 | Lair:2   | Identified Sif Muna's Grimoire of the Voyage and Fire (Sif
                  | Muna gifted it to you on level 2 of the Lair of Beasts)
  8406 | Lair:2   | Received a gift from Sif Muna
  8757 | Lair:2   | Reached skill level 1 in Throwing
  8787 | Lair:2   | Reached XP level 12. HP: 65/69 MP: 7/19
  8792 | Lair:2   | Reached skill level 9 in Hexes
  9428 | Lair:3   | Noticed an eight-headed hydra
  9435 | Lair:3   | Killed an eight-headed hydra
  9513 | Lair:3   | Found a staircase to the Snake Pit.
  9545 | Lair:3   | Reached skill level 5 in Spellcasting
  9708 | Lair:3   | Noticed a five-headed hydra
 10033 | Lair:3   | Noticed a seven-headed hydra
 10247 | Lair:3   | Killed a seven-headed hydra
 10298 | Lair:3   | Killed a five-headed hydra
 10299 | Lair:3   | Reached skill level 1 in Evocations
 10450 | Lair:3   | Noticed an eight-headed hydra
 10460 | Lair:3   | Killed an eight-headed hydra
 10465 | Lair:3   | Found a staircase to the Swamp.
 10652 | Lair:4   | You fall into a shaft and drop 1 floor!
 10653 | Lair:5   | Noticed an eight-headed hydra
 10657 | Lair:5   | Killed an eight-headed hydra
 10711 | Lair:5   | Found a viscous altar of Jiyva.
 10711 | Lair:5   | Found a staircase to the Slime Pits.
 10754 | Lair:5   | Reached skill level 10 in Hexes
 11368 | Lair:5   | Found a bloodstained altar of Trog.
 11558 | Lair:5   | Reached XP level 13. HP: 65/76 MP: 13/21
 11708 | Lair:5   | Identified Sif Muna's Collected Works on Evil and
                  | Execration (Sif Muna gifted it to you on level 5 of the
                  | Lair of Beasts)
 11708 | Lair:5   | Received a gift from Sif Muna
 11715 | Lair:5   | Learned a level 2 spell: Slow
 11724 | Lair:5   | Learned a level 8 spell: Discord
 12105 | Lair:6   | Entered Level 6 of the Lair of Beasts
 12180 | Lair:6   | Reached skill level 11 in Hexes
 12358 | Lair:6   | Found a frozen archway.
 12365 | Lair:6   | Reached skill level 12 in Hexes
 12369 | IceCv    | Entered an ice cave
 12370 | IceCv    | Found a transporter.
 12402 | IceCv    | Found a transporter.
 12421 | IceCv    | Reached skill level 13 in Hexes
 12519 | Lair:6   | Found a runed translucent door.
 12701 | Lair:6   | Reached skill level 14 in Hexes
 13003 | Lair:6   | Reached skill level 15 in Hexes
 13282 | Lair:6   | Slain by a yak

Illustrated notes

Levels and vault maps discovered:
D:1:      minmay_arrival_statue_studded, layout_basic, minmay_surrounded
D:2:      layout_loops_ring, lemuel_crystal_altar, grunt_gozag_breadcrumbs,
          uniq_sigmund
D:3:      layout_rooms, fiery_altar_vehumet, led_sif_pool, uniq_purgy
D:4:      black_bear_nest_1, layout_basic, temple_hall,
          kennysheep_generic_room_8
D:5:      layout_gridville, nicolae_dithmenos_through_a_glass_darkly
D:6:      layout_basic, eat_drink_and_be_merry_uskayaw
D:7:      layout_basic, nemelex_xobeh_ov_fountains_minmay, elyvilon_altar_1,
          lemuel_zombie_altar_yredelemnul, serial_shops, kennysheep_mini_moat
D:8:      layout_cave_pools, nicolae_xom_altar_mimics,
          nicolae_ashenzari_panopticon, nicolae_overflow_hidden_temple,
          kennysheep_okawaru_gauntlet
D:9:      layout_basic, nicolae_qazlal_general_emergency, lair_entry_dummy,
          erik_orc_3, gammafunk_ghost_spectres, serial_bayou,
          serial_bayou_lake_a, serial_bayou_pond_c, serial_bayou_ford_a,
          serial_bayou_lagoon_a, serial_shops, shop
D:10:     layout_gridville, serial_bayou, serial_bayou_crossing,
          serial_bayou_pond_d, serial_bayou_pond_b, serial_bayou_shore_b,
          minmay_fractal_squares_gapless_5
Lair:1:   layout_roguey, minmay_lair_oklob_chamber, uniq_erica
Lair:2:   layout_cave_pods, minivault_24, grunt_forest_large_clearings
Lair:3:   layout_small_grid, palyth_hydra_swamp_entry,
          minmay_snake_entry_guardpost_large
Lair:4:   layout_roguey, lemuel_old_faithful
Lair:5:   layout_cave_pods, slime_altar_1, basic_altar, st_stairs_12,
          grunt_megastairs_1, infiniplex_staircase_pool
Lair:6:   wormcave, layout_regular_city, portal_ice_cave_rime,
          serial_bayou_pond_d, serial_bayou_pond_a

Skill      XL: |  1  2  3  4  5  6  7  8  9 10 11 12 13 |
---------------+----------------------------------------+-----
Short Blades   | 2 5 8 10 | 10.0
Hexes          | 6 7 8 10 15 | 15.4
Ice Magic      | 2 3 |  3.0
Spellcasting   | 3 4 5 |  5.9
Stealth        | 5 6 9 10 12 | 12.2
Shields        | 1 4 |  4.0
Conjurations   | 1 3 |  3.0
Fighting       | 1 2 4 5 6 |  6.7
Armour         | 1 2 4 5 6 |  6.1
Invocations    | 1 2 4 5 6 |  6.7
Dodging        | 4 6 7 8 |  8.4
Throwing       | 1 3 |  3.3
Evocations     | 2 |  2.7

Action                   |  1- 3 |  4- 6 |  7- 9 | 10-12 | 13-15 || total
-------------------------+-------+-------+-------+-------+-------++-------
Melee: Dagger            |    73 |   105 |   235 |   450 |   151 ||  1014
       Bite              |     3 |     5 |    12 |    38 |    18 ||    76
Throw: Dart              |       |     3 |     2 |     4 |       ||     9
 Cast: Corona            |     2 |       |       |       |       ||     2
       Ensorcelled Hiber |     3 |    33 |    63 |   170 |    56 ||   325
       Tukima's Dance    |       |       |     6 |       |       ||     6
       Confusing Touch   |       |       |       |     9 |       ||     9
       Dazzling Flash    |       |       |       |     1 |     1 ||     2
       Slow              |       |       |       |       |    19 ||    19
Invok: Channel Magic     |       |       |       |     2 |     1 ||     3
 Abil: Exsanguinate      |     1 |       |     1 |     1 |       ||     3
       Revivify          |       |       |     1 |     1 |       ||     2
Evoke: Wand              |       |       |       |       |     6 ||     6
  Use: Scroll            |       |     7 |    11 |    17 |     4 ||    39
       Potion            |       |       |       |     1 |     1 ||     2
 Stab: Sleeping          |    20 |    26 |    61 |    97 |    39 ||   243
       Distracted        |       |     1 |       |     2 |       ||     3
       Confused          |       |       |       |    11 |       ||    11
       Invisible         |       |       |       |     1 |    13 ||    14
Armor: Robe              |    11 |    12 |    16 |       |       ||    39
       Leather armour    |       |       |    13 |    67 |    23 ||   103
Dodge: Dodged            |    26 |    66 |    73 |   212 |    87 ||   464
Block: Buckler           |       |       |     2 |   107 |    27 ||   136

Table legend: (Time is in decaauts)
 A = Elapsed time spent in this place.
 B = Non-inter-level travel time spent in this place.
 C = Inter-level travel time spent in this place.
 D = Time resting spent in this place.
 E = Time spent auto-exploring this place.
 F = Levels seen in this place.
 G = Mean time per level.
                   A        B        C        D        E       F      G
               +--------+--------+--------+--------+--------+-----+--------+
         Total |  12924 |  12402 |    522 |   1630 |   6970 |  17 |  760.2 |
       Dungeon |   7191 |   6919 |    272 |    931 |   4045 |  10 |  719.1 |
          Lair |   5668 |   5418 |    250 |    699 |   2924 |   6 |  944.7 |
      Ice Cave |     65 |     65 |      0 |      0 |      0 |   1 |   65.0 |
               +--------+--------+--------+--------+--------+-----+--------+

Top non-repeatable levels by time:
  Lair:2: 1663 daAuts
     D:9: 1357 daAuts
  Lair:6: 1057 daAuts
     D:1: 1003 daAuts
  Lair:5: 952 daAuts
  Lair:3: 939 daAuts
     D:2: 896 daAuts
     D:5: 723 daAuts
     D:7: 671 daAuts
     D:6: 659 daAuts
     D:4: 656 daAuts
     D:3: 607 daAuts
     D:8: 578 daAuts
  Lair:1: 531 daAuts
  Lair:4: 523 daAuts
